 Dungeon Crawl Stone Soup version 0.27.1-33-g824d729ab1 (webtiles) character file.

Game seed: 11746998936322247289

1029 eliilek the Cudgeller (level 8, -15/70 HPs)
             Began as a Minotaur Berserker on Dec 27, 2021.
             Was a Priest of Trog.
             Demolished by an ogre (26 damage)
             ... on level 4 of the Dungeon.
             The game lasted 00:14:53 (2962 turns).

eliilek the Cudgeller (Minotaur Berserker)          Turns: 2962, Time: 00:14:53

Health: -15/70     AC:  7    Str: 22    XL:     8   Next: 3%
Magic:  7/7        EV: 12    Int:  4    God:    Trog [***...]
Gold:   142        SH:  0    Dex: 18    Spells: 7/7 levels left

rFire    . . .     SeeInvis .   a - +2 whip (flame)
rCold    . . .     Faith    .   (no shield)
rNeg     . . .     Spirit   .   r - +0 scale mail
rPois    .         Reflect  .   (helmet restricted)
rElec    .         Harm     .   (no cloak)
rCorr    .         Rampage  .   (no gloves)
Will     ++...                  (no boots)
Stlth    ..........             (no amulet)
HPRegen  1.21/turn              o - +6 ring of dexterity
MPRegen  0.10/turn              (no ring)

@: strong-willed, regenerating
A: horns 2, retaliatory headbutt
a: Renounce Religion, Berserk, Trog's Hand


You were on level 4 of the Dungeon.
You worshipped Trog.
Trog was most pleased with you.
You visited 1 branch of the dungeon, and saw 4 of its levels.

You collected 142 gold pieces.

Inventory:

Hand Weapons
 a - a +2 whip of flaming (weapon)
 b - a +0 hunting sling
Missiles
 h - 24 sling bullets
Armour
 r - a +0 scale mail (worn)
Jewellery
 o - a +6 ring of dexterity (left hand)
Wands
 p - a wand of mindburst (9)
Scrolls
 d - a scroll of enchant armour {unknown}
 f - a scroll of teleportation {unknown}
 g - 2 scrolls of identify {unknown}
 i - a scroll of vulnerability {unknown}
 j - a scroll of noise {unknown}
 m - a scroll of holy word {unknown}
 q - a scroll of acquirement {unknown}
Potions
 c - 2 potions of berserk rage {unknown}
 e - a potion of flight {unknown}
 k - 4 potions of brilliance {unknown}
 l - 2 potions of might {unknown}
 n - 3 potions of curing {unknown}


   Skills:
 + Level 6.1 Fighting
 * Level 7.9 Maces & Flails
 + Level 5.5 Armour
 + Level 4.9 Dodging


You had 7 spell levels left.
You didn't know any spells.
Your spell library was empty.

Dungeon Overview and Level Annotations

Branches:
Dungeon (4/15)
 Temple: D:4-7

Altars:


Innate Abilities, Weirdness & Mutations

You have a pair of horns on your head.
You reflexively headbutt those who attack you in melee.


Message History

You feel sick. The adder barely misses you. You furiously retaliate!
You headbutt the adder!
You kill the adder!
Trog accepts your kill.
You feel sick.
Things that are here:
a +0 short sword; an adder corpse You feel sick.
There is a stone staircase leading down here.
You start resting.
You feel sick. x4
You are no longer poisoned.
You start resting.
HP restored.
You climb downwards.
The ogre hits you with a +0 giant club! The orc hits you with a +0 dagger.
The orc misses you.
The ogre hits you with a +0 giant club!!
There is a stone staircase leading up, spattered with blood here.
Your skin crawls.
You feel strong-willed. The orc closely misses you.
You hit the orc but do no damage. The ogre hits you with a +0 giant club!
You hit the orc but do no damage. You headbutt the orc, but do no damage.
The orc hits you but does no damage.
You barely miss the orc. You headbutt the orc.
The orc is severely wounded.
The ogre barely misses you. You furiously retaliate!
You headbutt the ogre. The orc closely misses you.
You barely miss the orc. You headbutt the orc, but do no damage.
The orc is severely wounded.
An orc priest comes into view. It is wielding a +0 dagger.
The orc priest shouts!
You whack the orc! You burn the orc.
You kill the orc!
Trog accepts your kill.
The ogre hits you with a +0 giant club!!
* * * LOW HITPOINT WARNING * * *
An orc comes into view. It is wielding a +0 hand axe.
The orc shouts!
The ogre hits you with a +0 giant club!!
You die...

.. #...........
##..
##((5.5.... .
#...
##...#......
..#... #..###
5K5..
......####(.##
....
....<........#
...
....##......##.
.. .
#O.).....>. .
#.@..((..^..
#............
#............
w............
..............
......o......
.#.........##
..#........o#


You could see an ogre, a worm, an orc priest and an orc.

Vanquished Creatures
  Pikel (D:3)
  Sigmund (D:3)
  The ghost of hilljack the Chopper, an amateur HOFi of the Shining One (D:3)
  A necrophage (D:3)
  A lemure (D:3)
  An orc priest (D:3)
  3 quasits (D:3)
  4 adders
  2 worms (D:2)
  2 orcs
  5 bats
  7 endoplasms
  8 giant cockroaches
  5 hobgoblins
  3 jackals (D:2)
  7 quokkas
  4 ball pythons
  4 frilled lizards
  7 goblins
  6 kobolds
  3 rats
76 creatures vanquished.

Vanquished Creatures (others)
  A plant (D:4)
1 creature vanquished.

Grand Total: 77 creatures vanquished

Notes
Turn   | Place    | Note
-------+----------+-------------------------------------------
     0 | D:1      | eliilek the Minotaur Berserker began the quest for the Orb.
     0 | D:1      | Reached XP level 1. HP: 19/19 MP: 0/0
   492 | D:1      | Reached XP level 2. HP: 27/27 MP: 1/1
   512 | D:1      | Reached skill level 4 in Maces & Flails
   777 | D:2      | Reached ** piety under Trog
   778 | D:2      | Reached XP level 3. HP: 33/33 MP: 2/2
  1170 | D:2      | Reached XP level 4. HP: 33/40 MP: 3/3
  1876 | D:3      | Found a transporter.
  1895 | D:3      | Found a transporter.
  1916 | D:3      | Noticed a necrophage
  1925 | D:3      | Killed a necrophage
  1926 | D:3      | Reached skill level 5 in Maces & Flails
  1926 | D:3      | Reached XP level 5. HP: 36/47 MP: 4/4
  2028 | D:3      | Noticed hilljack's ghost (amateur HOFi)
  2037 | D:3      | Killed hilljack's ghost
  2038 | D:3      | Reached XP level 6. HP: 43/55 MP: 5/5
  2047 | D:3      | Reached skill level 6 in Maces & Flails
  2050 | D:3      | Reached skill level 5 in Fighting
  2277 | D:3      | Noticed Sigmund
  2289 | D:3      | Killed Sigmund
  2609 | D:3      | Found a faded altar of an unknown god.
  2666 | D:3      | Reached XP level 7. HP: 61/61 MP: 6/6
  2717 | D:4      | Reached *** piety under Trog
  2723 | D:4      | Noticed Pikel
  2771 | D:3      | Killed Pikel
  2772 | D:3      | Reached skill level 7 in Maces & Flails
  2772 | D:3      | Reached skill level 5 in Armour
  2886 | D:3      | Reached XP level 8. HP: 70/70 MP: 7/7
  2962 | D:4      | Demolished by an ogre

Illustrated notes

Levels and vault maps discovered:
D:1:      matt_arrival_los_fun, layout_basic
D:2:      minmay_angry_zag, layout_loops_ring, minmay_tromino_v4_c
D:3:      layout_loops_cross, hellmonk_ecumenical_altar_inner_sanctum,
          gammafunk_ghost_stat_death, minmay_door_square, uniq_sigmund
D:4:      cheibrodos_old_hovel, layout_cave_pools,
          nicolae_qazlal_scattered_showers, uniq_pikel, uniq_robin

Skill      XL: |  1  2  3  4  5  6  7 |
---------------+----------------------+-----
Maces & Flails | 4 5 6 7 |  7.9
Fighting       | 4 5 6 |  6.1
Armour         | 3 4 5 |  5.5
Dodging        | 3 4 |  4.9

Action                   |  1- 3 |  4- 6 |  7- 9 || total
-------------------------+-------+-------+-------++-------
Melee: Mace              |    38 |    54 |     9 ||   101
       Headbutt          |     4 |     7 |     7 ||    18
       Whip              |       |       |    10 ||    10
 Fire: Hunting sling     |    32 |    36 |     9 ||    77
Invok: Berserk           |       |     1 |     1 ||     2
       Trog's Hand       |       |     1 |     1 ||     2
Armor: Ring mail         |    19 |    48 |       ||    67
       Scale mail        |       |       |     9 ||     9
Dodge: Dodged            |    17 |    57 |    20 ||    94
